 Dungeon Crawl Stone Soup version 0.25-a0-294-gea9b1ad378 (webtiles) character file.

Game seed: 9254832689978043938, levelgen mode: deterministic

1069 MisterFreud the Ducker (level 8, -14/37 HPs)
             Began as a Felid Skald on Dec 18, 2019.
             Was an Elder of Uskayaw.
             Demolished by a two-headed ogre
             ... wielding a +0 giant club
              (17 damage)
             ... on level 7 of the Dungeon.
             The game lasted 00:27:44 (8456 turns).

MisterFreud the Ducker (Felid Skald)                Turns: 8456, Time: 00:27:44

Health: -14/37     AC:  7    Str:  7    XL:     8   Next: 7%
Magic:  0/13       EV: 23    Int: 16    God:    Uskayaw [****..]
Gold:   439        SH:  0    Dex: 16    Spells: 5/11 levels left
                                        Lives:  0   Deaths: 2

rFire    . . .     SeeInvis +     - Unarmed
rCold    . . .     Gourm    .   (shield unavailable)
rNeg     . . .     Faith    .   (armour unavailable)
rPois    .         Spirit   .   (helmet unavailable)
rElec    .         Reflect  .   (cloak unavailable)
rCorr    .         Harm     .   (gloves unavailable)
MR       +....                  (boots unavailable)
Stlth    +++.......             (no amulet)
HPRegen  0.12/turn              t - +5 ring of protection
MPRegen  0.13/turn              h - ring of wizardry

@: infused (expiring), quick
A: very small, no armour, no weapons or thrown items, stealth, claws 1, fangs 3,
see invisible, carnivore, speed 1, shaggy fur 2, slow metabolism 1, sharp paws
a: Stomp, Line Pass, Renounce Religion


You were on level 7 of the Dungeon.
You worshipped Uskayaw.
Uskayaw was noncommittal.
You were completely stuffed.

You visited 1 branch of the dungeon, and saw 7 of its levels.

You collected 439 gold pieces.

Inventory:

Jewellery
 h - a ring of wizardry (right paw)
 t - a +5 ring of protection (left paw)
Wands
 r - a wand of iceblast (8)
 w - a wand of acid (8)
Scrolls
 c - 2 scrolls of remove curse
 e - 5 scrolls of enchant weapon {unknown}
 f - a scroll of noise {unknown}
 k - 2 scrolls of teleportation
 o - 2 scrolls of fog
 p - 2 scrolls of amnesia {unknown}
 s - a scroll of identify
Potions
 a - a potion of haste
 d - a potion of heal wounds
 g - a potion of might
 i - 4 potions of invisibility
 j - 2 potions of agility
 l - 2 potions of flight {unknown}
 m - 3 potions of lignification
 n - 2 potions of curing
 q - 2 potions of mutation
 u - a potion of degeneration {unknown}
Comestibles
 b - 9 rations
 v - 5 chunks of flesh


   Skills:
 + Level 5.0 Fighting
 + Level 7.3 Dodging
 - Level 4.0 Stealth
 + Level 5.1 Unarmed Combat
 - Level 2.0 Spellcasting
 - Level 3.6 Charms
 - Level 3.2 Translocations
 - Level 4.2 Invocations
 + Level 5.5 Evocations


You had 5 spell levels left.
You knew the following spells:

 Your Spells              Type           Power        Failure   Level  Hunger
a - Infusion              Chrm           ##..         1%          1    #......
b - Shroud of Golubria    Chrm/Tloc      ##....       3%          2    ###....
c - Regeneration          Chrm/Necr      #.........   12%         3    ###....

Your spell library contained the following spells:

 Spells                   Type           Power        Failure   Level  Hunger
 Song of Slaying          Chrm           ##......     2%          2    ###....
 Spectral Weapon          Hex/Chrm       Unusable     N/A         3    N/A

Dungeon Overview and Level Annotations

Branches:
Dungeon (7/15)             Temple (0/1) D:5

Altars:
Cheibriados
Uskayaw

Shops:
D:6 =

Annotations:
D:2 Natasha, Sigmund
D:4 exclusion: door
D:6 2 transporters, emiel's ghost, novice OpWz


Innate Abilities, Weirdness & Mutations

You cannot wear armour.
You are incapable of wielding weapons or throwing items.
Your paws allow you to move quietly. (Stealth)
You have sharp claws.
You have razor-sharp teeth.
You have supernaturally acute eyesight. (SInv)
You are carnivorous and can eat meat at any time.
You cover ground quickly.
You are covered in thick fur. (AC +2)
You have a slow metabolism.
Your sharp claws are effective at attacking unaware monsters.


Message History

The two-headed ogre is almost dead.
The two-headed ogre hits you with a +0 giant club!!
Ouch! That really hurt!
* * * LOW HITPOINT WARNING * * *
Your shroud falls apart!
The two-headed ogre completely misses you.
You barely miss the two-headed ogre.
The two-headed ogre is almost dead.
The two-headed ogre completely misses you.
The two-headed ogre barely misses you.
You scratch the two-headed ogre.
The two-headed ogre is almost dead.
The two-headed ogre misses you. The two-headed ogre closely misses you.
You scratch the two-headed ogre.
The two-headed ogre is almost dead.
Your magical infusion is running out.
You scratch the two-headed ogre but do no damage.
The two-headed ogre is almost dead.
The two-headed ogre hits you with a +0 giant club!
You die...

### ### ###.## # ..#
#.##.# .# ..# #...##
#.# ..### #.##.##.#
....# ##.###.O.#
...## #..# #@##.#
...# #.##))#..#
##.########.########
##.##..............
##.##.#############
##.##.# ##.##.#
##.##.# ##.##.#


You could see a two-headed ogre.

Vanquished Creatures
  Pikel (D:7)
  A sky beast (D:5)
  An orc warrior (D:6)
  An ice beast (D:5)
  A centaur (D:7)
  A phantom (D:6)
  A bullfrog (D:6)
  A scorpion (D:4)
  A water moccasin skeleton (D:6)
  3 crimson imps (D:5)
  3 bullfrog zombies
  A centaur zombie (D:5)
  3 orc priests
  5 orc wizards
  3 hounds
  A bullfrog skeleton (D:7)
  3 worker ants (D:6)
  A worker ant zombie (D:5)
  5 adders
  2 oozes
  A worm (D:3)
  A dart slug (D:3)
  5 leopard geckos
  20 orcs
  7 bats
  5 giant cockroaches
  5 goblins
  5 hobgoblins
  8 jackals
  8 kobolds
  2 quokkas
  A ball python (D:2)
  3 frilled lizards
  A jackal skeleton (D:5)
  10 rats
121 creatures vanquished.

Vanquished Creatures (others)
  A crimson imp (D:7)
  3 gnolls (D:7)
  A leopard gecko (D:7)
5 creatures vanquished.

Grand Total: 126 creatures vanquished

Notes
Turn   | Place    | Note
-------+----------+-------------------------------------------
     0 | D:1      | MisterFreud the Felid Skald began the quest for the Orb.
     0 | D:1      | Reached XP level 1. HP: 9/9 MP: 4/4
   234 | D:1      | Reached XP level 2. HP: 13/13 MP: 3/6
   247 | D:1      | Learned a level 2 spell: Shroud of Golubria
   857 | D:1      | Reached skill level 1 in Translocations
  1165 | D:1      | Reached XP level 3. HP: 13/17 MP: 1/7
  1852 | D:2      | Noticed Sigmund
  1947 | D:2      | Reached XP level 4. HP: 22/22 MP: 1/8
  2021 | D:2      | Noticed Natasha
  2905 | D:3      | Learned a level 3 spell: Regeneration
  2954 | D:4      | Noticed a +0 dagger
  2954 | D:4      | Noticed a +0 dagger
  2960 | D:4      | Found a hide-covered altar of Uskayaw.
  2973 | D:4      | Became a worshipper of Uskayaw the Reveler
  3097 | D:4      | Noticed an ogre
  3311 | D:4      | Reached * piety under Uskayaw
  3315 | D:4      | Reached ** piety under Uskayaw
  3336 | D:4      | Reached skill level 4 in Dodging
  3336 | D:4      | Reached XP level 5. HP: 25/25 MP: 0/9
  3517 | D:5      | Entered Level 5 of the Dungeon
  3851 | D:4      | Reached *** piety under Uskayaw
  4313 | D:5      | Reached skill level 1 in Invocations
  4612 | D:5      | Gained mutation: You are covered in thick fur. (AC +2)
                  | [Felid growth]
  4612 | D:5      | Reached XP level 6. HP: 23/28 MP: 4/10
  4714 | D:5      | Reached skill level 5 in Dodging
  4714 | D:5      | Reached skill level 1 in Stealth
  4988 | D:5      | Noticed a sky beast
  5041 | D:5      | Killed a sky beast
  5262 | D:5      | Noticed an ice beast
  5586 | D:6      | Reached XP level 7. HP: 31/32 MP: 5/11
  5669 | D:5      | Found a staircase to the Ecumenical Temple.
  5897 | D:6      | Found a snail-covered altar of Cheibriados.
  6091 | D:6      | Noticed emiel's ghost (novice OpWz)
  6096 | D:6      | Noticed a queen bee
  6132 | D:6      | Reached skill level 6 in Dodging
  6740 | D:5      | Reached skill level 1 in Evocations
  6973 | D:6      | Found a transporter.
  6980 | D:6      | Found a transporter.
  7400 | D:6      | Killed from afar by an orc priest
  7401 | D:6      | Reached XP level 6. HP: -5/28 MP: 9/10
  7429 | D:6      | Reached XP level 7. HP: 29/32 MP: 2/11
  7574 | D:6      | Found Cywn's Jewellery Shoppe.
  7859 | D:6      | Slain by an orc warrior
  7860 | D:6      | Reached XP level 6. HP: -1/28 MP: 8/10
  7952 | D:7      | Noticed Pikel
  7952 | D:7      | Noticed a slave
  7952 | D:7      | Noticed a slave
  7952 | D:7      | Noticed a slave
  7955 | D:7      | Noticed a slave
  7982 | D:7      | Killed Pikel
  7982 | D:7      | Reached skill level 7 in Dodging
  7982 | D:7      | Reached skill level 5 in Evocations
  7982 | D:7      | Reached XP level 7. HP: 9/33 MP: 2/11
  8405 | D:7      | Reached skill level 5 in Fighting
  8405 | D:7      | Reached skill level 5 in Unarmed Combat
  8432 | D:7      | Noticed a two-headed ogre
  8440 | D:7      | Reached XP level 8. HP: 24/37 MP: 0/13
  8449 | D:7      | Reached **** piety under Uskayaw
  8456 | D:7      | Demolished by a two-headed ogre

Levels and vault maps discovered:
D:1:      scummos_arrival_simple_crosswalls, layout_loops_ring, corner_web_ring,
          minmay_pentomino_x4
D:2:      layout_rooms, uniq_natasha, uniq_sigmund
D:3:      layout_loops_ring
D:4:      layout_basic, dancing_weapons_uskayaw
D:5:      layout_basic, minmay_temple_entry_ruins, first_ration
D:6:      layout_loops_ring, serial_shops, nicolae_shop_crystal,
          gammafunk_ghost_hive, cheibriados_altar_1
D:7:      minmay_cornered_nines, layout_basic, uniq_pikel

Skill      XL: |  1  2  3  4  5  6  7 |
---------------+----------------------+-----
Fighting       | 3 4 5 |  5.0
Translocations | 1 2 3 |  3.2
Dodging        | 4 7 6 |  7.3
Unarmed Combat | 3 5 |  5.1
Invocations    | 1 2 4 |  4.2
Stealth        | 2 4 |  4.0
Evocations     | 5 4 |  5.5
Spellcasting   | |  2.0
Charms         | |  3.6

Action                   |  1- 3 |  4- 6 |  7- 9 || total
-------------------------+-------+-------+-------++-------
Melee: Unarmed           |   109 |   291 |   231 ||   631
       Bite              |     3 |    29 |    23 ||    55
       Punch             |     1 |     5 |     5 ||    11
 Cast: Infusion          |    21 |    19 |    16 ||    56
       Shroud of Golubri |    17 |    30 |    30 ||    77
Evoke: Wand              |       |       |     2 ||     2
  Use: Scroll            |     6 |     7 |       ||    13
       Potion            |       |     3 |       ||     3
 Stab: Sleeping          |     4 |     3 |     2 ||     9
       Paralysed         |       |     4 |     4 ||     8
       Distracted        |       |       |     1 ||     1
  Eat: Chunk             |    11 |    20 |     8 ||    39
Armor: Skin              |     7 |    15 |    15 ||    37
Dodge: Dodged            |   103 |   215 |   176 ||   494

Table legend:
 A = Non-vault XP
 B = Vault XP
 C = Vault XP percentage of total XP
 D = Non-vault monster count
 E = Vault monster count
 F = Vault count percentage of total count
                 A         B        C        D         E       F
            +---------+---------+-------+---------+---------+-------
      Total |    1890 |     808 |  29.9 |     115 |       7 |   5.7
            +---------+---------+-------+---------+---------+-------
        D:1 |      45 |       5 |  10.0 |      19 |       4 |  17.4
        D:2 |      47 |       0 |   0.0 |      20 |       0 |   0.0
        D:3 |      37 |       0 |   0.0 |      11 |       0 |   0.0
        D:4 |     128 |       0 |   0.0 |       8 |       0 |   0.0
        D:5 |     629 |       0 |   0.0 |      22 |       0 |   0.0
        D:6 |     807 |       0 |   0.0 |      26 |       0 |   0.0
        D:7 |     197 |     803 |  80.3 |       9 |       3 |  25.0
            +---------+---------+-------+---------+---------+-------
